 Dungeon Crawl Stone Soup version 0.29.1-15-g9cfb28693d (webtiles) character file.

Game seed: 630818880369214214

766 protoss039 the Sneak (level 7, -23/41 HPs)
             Began as a Vampire Enchanter on Mar 28, 2023.
             Killed from afar by an acid dragon (35 damage)
             ... with a splash of acid
             ... on level 6 of the Dungeon.
             The game lasted 00:10:43 (4241 turns).

protoss039 the Sneak (Vampire Enchanter)            Turns: 4241, Time: 00:10:44

Health: -23/41     AC:  2    Str:  7    XL:     7   Next: 52%
Magic:  2/11       EV: 14    Int: 17    God:
Gold:   298        SH:  0    Dex: 23    Spells: 1/12 levels left

rFire   . . .      SeeInvis +   u - +2 dagger (venom)
rCold   + + .      Faith    .   (no shield)
rNeg    + + +      Spirit   .   b - +0 robe
rPois   ∞          Reflect  .   w - +1 helmet
rElec   .          Harm     .   (no cloak)
rCorr   .          Rampage  .   y - +0 pair of gloves
Will    .....                   o - +0 pair of boots {Fly}
Stlth   ++++++....              a - amulet of regeneration
HPRegen 0.00/turn               l - +6 ring of dexterity
MPRegen 0.12/turn               (no ring)

@: corroded, flying, bloodless, inhibited regen, studying Necromancy
A: bloodless, fangs 3, see invisible, vampiric 2
a: Bat Form, Revivify


You were on level 6 of the Dungeon.
You visited 1 branch of the dungeon, and saw 6 of its levels.
You also visited: Sewer.

You collected 300 gold pieces.
You spent 2 gold pieces at shops.

Inventory:

Hand Weapons
 u - a +2 dagger of venom (weapon)
 v - a +1 spear of freezing
Missiles
 n - 2 atropa-tipped darts (quivered)
Armour
 b - a +0 robe (worn)
 o - a +0 pair of boots of flying (worn)
 w - a +1 helmet (worn)
 y - a +0 pair of gloves (worn)
Magical Staves
 x - a staff of fire
 z - a staff of earth
Jewellery
 a - an amulet of regeneration (around neck)
 l - a +6 ring of dexterity (left hand)
 G - a ring of protection from fire
Wands
 t - a wand of iceblast (11)
 E - a wand of charming (10)
Scrolls
 e - 2 scrolls of poison {unknown}
 h - a scroll of immolation {unknown}
 i - a scroll of enchant armour {unknown}
 j - a scroll of fear {unknown}
 p - 3 scrolls of identify
 q - a scroll of silence {unknown}
 r - 3 scrolls of teleportation {unknown}
 s - a scroll of amnesia {unknown}
 A - a scroll of brand weapon {unknown}
 B - 2 scrolls of acquirement {unknown}
 F - a scroll of blinking {unknown}
 H - a scroll of butterflies {unknown}
Potions
 c - 2 potions of invisibility
 d - a potion of curing {unknown}
 f - a potion of degeneration {unknown}
 g - 3 potions of lignification {unknown}
 k - 3 potions of heal wounds {unknown}
 m - 3 potions of haste
 C - a potion of brilliance {unknown}
 D - a potion of magic {unknown}


   Skills:
 * Level 3.3 Fighting
 - Level 3.0 Short Blades
 + Level 1.5 Throwing
 + Level 3.5 Dodging
 * Level 7.4 Stealth
 - Level 3.0 Spellcasting
 + Level 0.3 Conjurations
 + Level 5.8 Hexes
 + Level 2.0 Ice Magic


You had one spell level left.
You knew the following spells:

 Your Spells              Type           Power      Damage    Failure   Level
a - Ensorcelled Hibernat  Hex/Ice        30%        N/A       5%          2
b - Confusing Touch       Hex            22%        N/A       4%          3
c - Tukima's Dance        Hex            22%        N/A       4%          3
d - Dazzling Flash        Conj/Hex       26%        N/A       14%         3

Your spell library contained the following spells:

 Spells                   Type           Power      Damage    Failure   Level
 Static Discharge         Conj/Air       3%         3-4/arc   24%         2
 Fulminant Prism          Conj/Hex       6%         3d7       43%         4
 Iskenderun's Mystic Bla  Conj/Tloc      3%         2d3       85%         4
 Lee's Rapid Deconstruct  Erth           1%         3d5*      99%         5
 Lightning Bolt           Conj/Air       1%         1d12      99%         5
 Maxwell's Capacitive Co  Air            1%         ∞         100%        8


Dungeon Overview and Level Annotations

Branches:
Dungeon (7/15) Zot: 26894   Sewer (visited)
 Temple: D:4-7

Altars:
Fedhas

Shops:
D:3 (   D:6 *


Innate Abilities, Weirdness & Mutations

You do not regenerate when monsters are visible.
You are frail without blood (-20% HP).
You can heal yourself when you bite living creatures.
You are immune to poison.
You have razor-sharp teeth.
You have supernaturally acute eyesight. (SInv)
You are afflicted with vampirism and can become a bat while bloodless.


Message History

An ogre is nearby!
Found a viscous white potion and 14 gold pieces.
Casting: Ensorcelled Hibernation (safe; 5% risk of failure)
Confirm with . or Enter, or press ? or * to list all spells.
Aiming: Tukima's Dance (dangerous; 4% risk of failure)
Press: ? - help, Shift-Dir - straight line, f - ogre
Aim: an ogre, wielding a +0 giant club (asleep, chance to affect: 54%)
The ogre shouts!
The +0 giant club dances into the air!
You hear a roar!
An acid dragon comes into view.
The acid dragon spits acid at you. The splash of acid hits you.
The acid corrodes you!
Unknown command.
Casting: Tukima's Dance (dangerous; 4% risk of failure)
Confirm with . or Enter, or press ? or * to list all spells.
Aiming: Ensorcelled Hibernation (safe; 5% risk of failure)
Press: ? - help, Shift-Dir - straight line, f/p - ogre
Aim: an ogre (ally target, chance to affect: 49%)
The ogre resists with some effort.
The ogre hits you!
Unknown command.
Casting: Ensorcelled Hibernation (safe; 5% risk of failure)
Confirm with . or Enter, or press ? or * to list all spells.
Aiming: Ensorcelled Hibernation (safe; 5% risk of failure)
Press: ? - help, Shift-Dir - straight line, f/p - ogre
Aim: an ogre (ally target, chance to affect: 49%)
The ogre resists with some effort.
The ogre hits you!
* * * LOW HITPOINT WARNING * * *
Unknown command.
Unknown command.
Casting: Ensorcelled Hibernation (safe; 5% risk of failure)
Confirm with . or Enter, or press ? or * to list all spells.
Aiming: Ensorcelled Hibernation (safe; 5% risk of failure)
Press: ? - help, Shift-Dir - straight line, f/p - ogre
Aim: an ogre (ally target, chance to affect: 49%)
The ogre resists with some effort.
The acid dragon spits acid at you. The splash of acid hits you!!
Ouch! That really hurt!
You die...

.. ............
..##............
..#.........$..#
!.............##
.###...............
...D.(.............
#..O..........##.
#...@............
#...............
#..<............
#............#
#............#
..........#...###
.#########......†#.#
###..##.......
##.....#.....


You could see an acid dragon (catching breath), an ogre (ally target) and a
friendly +0 giant club.

Vanquished Creatures
  A phantom (D:7)
  3 bullfrogs
  2 jellies
  2 hounds
  Ijyb (D:3)
  2 orc wizards (D:7)
  3 iguanas
  Robin (D:3)
  8 adders
  A shadow imp (D:7)
  2 worms
  2 dart slugs
  5 orcs
  13 ball pythons
  13 endoplasms
  11 giant cockroaches
  11 goblins
  5 hobgoblins
  10 jackals
  8 kobolds
  14 quokkas
  10 frilled lizards
  2 rats
130 creatures vanquished.

Notes
Turn   | Place    | Note
-------+----------+-------------------------------------------
     0 | D:1      | protoss039 the Vampire Enchanter began the quest for the
                  | Orb.
     0 | D:1      | Reached XP level 1. HP: 13/13 MP: 3/3
   127 | D:1      | Found a faded altar of an unknown god.
   379 | D:1      | Reached XP level 2. HP: 16/16 MP: 5/5
   382 | D:1      | Learned a level 2 spell: Ensorcelled Hibernation
  1053 | D:2      | Reached skill level 1 in Fighting
  1186 | D:2      | Gained mutation: You are afflicted with vampirism and can
                  | become a bat while bloodless. [Vampire growth]
  1186 | D:2      | Reached XP level 3. HP: 10/20 MP: 1/6
  1187 | D:2      | Reached skill level 5 in Stealth
  1746 | D:2      | Learned a level 3 spell: Confusing Touch
  1795 | D:3      | Found a blossoming altar of Fedhas.
  1886 | D:3      | Found Xefelyxzosch's Weapon Shoppe.
  1894 | D:3      | Reached XP level 4. HP: 25/25 MP: 2/7
  1964 | D:3      | Noticed Ijyb
  1971 | D:3      | Killed Ijyb
  2207 | D:3      | Noticed Robin
  2216 | D:3      | Killed Robin
  2277 | D:3      | Found a glowing drain.
  2294 | D:3      | Reached skill level 5 in Hexes
  2294 | D:3      | Reached XP level 5. HP: 23/30 MP: 5/8
  2314 | Sewer    | Entered a sewer
  2389 | Sewer    | Learned a level 3 spell: Tukima's Dance
  2767 | Sewer    | Reached skill level 6 in Stealth
  2767 | Sewer    | Reached skill level 1 in Ice Magic
  2773 | Sewer    | Reached skill level 1 in Throwing
  2773 | Sewer    | Reached XP level 6. HP: 30/36 MP: 2/10
  3676 | D:4      | You are sucked into a shaft and drop 3 floors!
  3737 | D:7      | Reached XP level 7. HP: 33/41 MP: 8/11
  3831 | D:7      | Reached skill level 7 in Stealth
  3897 | D:7      | Learned a level 3 spell: Dazzling Flash
  4136 | D:6      | Found Kaozuvof's CLEARANCE SALE!.
  4156 | D:6      | Bought a scroll of identify for 2 gold pieces
  4241 | D:6      | Killed from afar by an acid dragon

Illustrated notes

Levels and vault maps discovered:
D:1:      eino_arrival_tree_alley, layout_basic,
          hellmonk_ecumenical_altar_lost_god
D:2:      layout_basic
D:3:      layout_loops_ring, fedhas_altar_4, gup_sewer_entry_glass,
          serial_shops, shop_statue, uniq_robin, uniq_ijyb
D:4:      layout_cave_pools, palyth_stone_intersect
D:6:      layout_rooms, temple_green, serial_shops, nicolae_diamond_shop,
          minivault_10, nicolae_shop_clearance, uniq_pikel
D:7:      layout_basic

Skill      XL: |  1  2  3  4  5  6  7 |
---------------+----------------------+-----
Fighting       | 1 2 3 |  3.3
Stealth        | 5 6 7 |  7.4
Short Blades   | 2 3 |  3.0
Hexes          | 5 |  5.8
Dodging        | 3 |  3.5
Ice Magic      | 1 2 |  2.0
Throwing       | 1 |  1.5
Spellcasting   | 3 |  3.0
Conjurations   | |  0.3

Action                   |  1- 3 |  4- 6 |  7- 9 || total
-------------------------+-------+-------+-------++-------
Melee: Dagger            |    67 |   114 |    18 ||   199
       Bite              |     7 |    14 |       ||    21
       Punch             |     1 |     2 |       ||     3
       Spear             |       |     3 |       ||     3
 Cast: Ensorcelled Hiber |    10 |    39 |    10 ||    59
       Confusing Touch   |       |     1 |     1 ||     2
       Tukima's Dance    |       |       |     1 ||     1
 Abil: Exsanguinate      |     1 |       |       ||     1
Evoke: Wand              |       |     3 |       ||     3
  Use: Scroll            |       |     4 |       ||     4
 Stab: Sleeping          |    22 |    61 |    12 ||    95
       Confused          |       |     1 |     1 ||     2
Armor: Robe              |     5 |    30 |     2 ||    37
Dodge: Dodged            |    29 |    55 |     9 ||    93
